[Event "Titled Tuesday Blitz November 01 Early 2022"]
[White "Ljukin, Sergei"]
[Black "Goltseva, Ekaterina"]
[WhiteFideId "14102200"]
[BlackFideId "24173770"]
[WhiteElo "2312"]
[BlackElo "2200"]
[Result "1-0"]
[Round "07"]
[TimeControl "180+1"]
[Date "2022.11.02"]
[WhiteClock "0:00:01"]
[BlackClock "0:00:02"]

1. e4 e5 2. Nf3 Nf6 3. d4 exd4 4. e5 Ne4 5. Qxd4 d5 6. exd6 Nxd6 7. Nc3 Nc6 8. Qf4 Be6 9. Be3 Be7 10. O-O-O h6 11. Kb1 Qd7 12. Ne4 Bxa2+ 13. Ka1 Be6 14. Nc5 Qc8 15. Nd4 Nxd4 16. Bxd4 O-O 17. Bd3 b6 18. Qg3 Ne8 19. Ne4 c5 20. Bc3 c4 21. Be2 b5 22. Kb1 b4 23. Bd4 b3 24. cxb3 cxb3 25. Nc3 Bf5+ 26. Kc1 Qe6 27. Rhe1 Rc8 28. Bb5 Bg5+ 29. f4 Qd5 30. Bxe8 Qa5 31. Kd2 Rfxe8 32. Rxe8+ Rxe8 33. fxg5 h5 34. Be3 Qb4 35. Ke2 Qb6 36. Kf2 Qc6 37. Rd4 Bg6 38. h4 a5 39. Kg1 Qe6 40. Bf2 Qf5 41. Kh2 Qc2 42. Nd5 Qxb2 43. Nf4 Qc3 44. Qxc3 b2 45. Qxb2 1-0


[Site "https://www.chess.com"]

[Event "Titled Tuesday Blitz November 01 Early 2022"]
[White "Lopez, Henry"]
[Black "Hoffmann, Asa"]
[WhiteFideId "5203830"]
[BlackFideId "2001470"]
[WhiteElo "2177"]
[BlackElo "2117"]
[Result "1/2-1/2"]
[Round "07"]
[TimeControl "180+1"]
[Date "2022.11.02"]
[WhiteClock "0:00:19"]
[BlackClock "0:00:02"]

1. d4 Nf6 2. Nf3 d6 3. c4 c6 4. Nc3 Bf5 5. Qb3 Qb6 6. Qa3 h6 7. Na4 Qc7 8. Nc3 e5 9. Qb3 Nbd7 10. g3 Be7 11. Bg2 O-O 12. O-O Rfe8 13. Qd1 Rad8 14. Nh4 Bh7 15. e4 exd4 16. Qxd4 Bf8 17. Nf5 Nc5 18. Bf4 Ne6 19. Qd2 Bxf5 20. exf5 Nxf4 21. Qxf4 Re5 22. Rad1 Rde8 23. g4 Qb6 24. Rd2 Qb4 25. Qd4 Qc5 26. h3 a5 27. Bf3 Qb4 28. Kg2 Nd7 29. Rc1 Re1 30. Rxe1 Rxe1 31. Ne4 Ne5 32. Nxd6 Bxd6 33. Qxd6 Qxd6 34. Rxd6 Nxc4 35. Rd8+ Kh7 36. b3 Ne5 37. Rb8 Nxf3 38. Kxf3 Ra1 39. Rxb7 Rxa2 40. Rxf7 Rb2 41. f6 Rxb3+ 42. Kg2 Kg6 43. Rxg7+ Kxf6 44. Rh7 Kg6 45. Rc7 Rc3 46. f4 a4 47. Ra7 a3 48. h4 h5 49. g5 Kf5 50. Ra4 Kg4 51. g6 Rg3+ 52. Kf2 Rf3+ 53. Ke2 Rg3 54. Kf2 Rf3+ 55. Ke2 Rg3 56. Ra5 Kxf4 57. Rg5 Re3+ 58. Kd2 Re8 59. Rxh5 a2 60. Ra5 Kg4 61. h5 a1=Q 62. Rxa1 Kxh5 63. Rg1 Rg8 64. g7 Kh6 65. Kc3 Rxg7 66. Rxg7 Kxg7 67. Kc4 Kf7 68. Kc5 Ke7 69. Kxc6 1/2-1/2


[Site "https://www.chess.com"]

[Event "Titled Tuesday Blitz November 01 Early 2022"]
[White "Makhmudov, Shukhrat"]
[Black "Selkirk, Rebecca"]
[WhiteFideId "14200775"]
[BlackFideId "14306514"]
[WhiteElo "2135"]
[BlackElo "1649"]
[Result "1-0"]
[Round "07"]
[TimeControl "180+1"]
[Date "2022.11.02"]
[WhiteClock "0:00:07"]
[BlackClock "0:00:01"]

1. e4 c6 2. d4 d5 3. Nc3 dxe4 4. Nxe4 Nf6 5. Nxf6+ exf6 6. c3 Bd6 7. Bd3 O-O 8. Qc2 g6 9. Ne2 c5 10. dxc5 Bxc5 11. Bh6 Re8 12. O-O-O Qb6 13. f3 Nc6 14. Kb1 a5 15. Ng3 f5 16. h4 Be6 17. h5 Qc7 18. Ne2 b5 19. hxg6 fxg6 20. Bxb5 Reb8 21. a4 Na7 22. Bf4 Qb6 23. Bxb8 Rxb8 24. c4 Nxb5 25. cxb5 Bf7 26. Nc3 Bb4 27. Rd7 Qe6 28. Qd2 Bxc3 29. bxc3 Qb3+ 30. Kc1 Qa3+ 31. Qb2 Qxa4 32. Rxf7 Kxf7 33. Rxh7+ Ke6 34. Qe2+ Kd6 35. Qe7+ Kd5 36. Qd7+ Kc4 37. Qc7+ Kd3 38. Rd7+ Ke2 39. Qe5+ Kf2 40. Rd2+ Kg1 41. Rd1+ Kf2 42. Qxb8 Qa1+ 43. Kd2 Qb2+ 44. Kd3 Qe2+ 45. Kd4 Qxd1+ 46. Kc4 Qe2+ 47. Kc5 Qe7+ 48. Qd6 Qa7+ 49. b6 Qb7 50. Qc6 Qe7+ 51. Kb5 Qa3 52. Ka6 1-0


[Site "https://www.chess.com"]

[Event "Titled Tuesday Blitz November 01 Early 2022"]
[White "Manelyuk, Daniil"]
[Black "Nozdrachev, Leonid"]
[WhiteFideId "44173920"]
[BlackFideId "24113433"]
[WhiteElo "2209"]
[BlackElo "2249"]
[Result "0-1"]
[Round "07"]
[TimeControl "180+1"]
[Date "2022.11.02"]
[WhiteClock "0:00:02"]
[BlackClock "0:00:47"]

1. e4 c6 2. d4 d5 3. e5 Bf5 4. h4 h5 5. Bd3 Bxd3 6. Qxd3 Qa5+ 7. b4 Qa6 8. b5 Qxb5 9. Qxb5 cxb5 10. Nc3 Nc6 11. Nxd5 Nxd4 12. Nc7+ Kd7 13. Nxa8 Nxc2+ 14. Kd2 Nxa1 15. Bb2 e6 16. Nf3 Bb4+ 17. Ke2 Nh6 18. Rd1+ Kc8 19. Rc1+ Kb8 20. Nc7 Rc8 21. Nxb5 Rxc1 22. Bxc1 Nc2 23. Kd3 Ne1+ 24. Nxe1 Bxe1 25. Bxh6 gxh6 26. f4 Bxh4 27. Nd6 f6 28. f5 fxe5 29. fxe6 Kc7 30. Nf5 Bf6 31. Ke4 b5 32. Nxh6 b4 33. Kf5 Be7 34. Kxe5 a5 35. Nf5 Kd8 36. Kd5 a4 37. Nd4 Kc7 38. Nb5+ Kb6 39. Nd4 Bf6 40. Nc2 b3 41. axb3 axb3 42. Na3 Be7 43. Nc4+ Kb5 44. Nd2 b2 45. Nb1 Kb4 46. Kc6 Kb3 47. Kd7 Kc2 48. Na3+ Bxa3 49. e7 Bxe7 50. Kxe7 b1=Q 0-1


[Site "https://www.chess.com"]

[Event "Titled Tuesday Blitz November 01 Early 2022"]
[White "Manon-og, Ramon Jr."]
[Black "Arbunic Castro, Giovanna"]
[WhiteFideId "5200776"]
[BlackFideId "3400549"]
[WhiteElo "2271"]
[BlackElo "1833"]
[Result "1-0"]
[Round "07"]
[TimeControl "180+1"]
[Date "2022.11.02"]
[WhiteClock "0:01:36"]
[BlackClock "0:00:17"]

1. e4 g6 2. d4 Bg7 3. Nc3 c5 4. d5 d6 5. Nf3 Qa5 6. Bd2 Qb6 7. Rb1 Nf6 8. Bc4 O-O 9. h3 a6 10. O-O Qc7 11. a4 Nbd7 12. Re1 Nb6 13. Ba2 Bd7 14. Bf4 Nxa4 15. Nxa4 Bxa4 16. e5 Rad8 17. exf6 Bxf6 18. Bh6 Rfe8 19. Qd2 Bd7 20. Re2 Qc8 21. c4 e6 22. Bg5 Bxg5 23. Qxg5 exd5 24. Rxe8+ Rxe8 25. cxd5 Bxh3 26. Qh6 Qg4 27. Qxh3 Qa4 28. Ra1 Re2 29. Qh6 f6 30. Qf4 Rxb2 31. Qxa4 1-0


[Site "https://www.chess.com"]

[Event "Titled Tuesday Blitz November 01 Early 2022"]
[White "Manukian, Artak"]
[Black "Gabdrakhmanov, Azat"]
[WhiteFideId "13301373"]
[BlackFideId "34189197"]
[WhiteElo "2472"]
[BlackElo "2233"]
[Result "1-0"]
[Round "07"]
[TimeControl "180+1"]
[Date "2022.11.02"]
[WhiteClock "0:00:15"]
[BlackClock "0:00:09"]

1. e4 c5 2. Nf3 e6 3. c3 d5 4. e5 d4 5. cxd4 cxd4 6. Bb5+ Bd7 7. Nxd4 Bc5 8. Bxd7+ Nxd7 9. Nb3 Qg5 10. O-O Bb6 11. d4 Qh4 12. g3 Qh3 13. Qf3 Nh6 14. Qxb7 Rb8 15. Qg2 Qh5 16. Nc3 O-O 17. Ne4 a5 18. Nbc5 Bxc5 19. Nxc5 Nxc5 20. dxc5 Ng4 21. f4 Rfc8 22. h3 Nh6 23. c6 Qf5 24. Be3 Qd3 25. Ba7 Ra8 26. Bf2 Nf5 27. c7 h5 28. Rfd1 Qa6 29. Rac1 Ne7 30. Rd7 Nd5 31. Rxd5 exd5 32. Qxd5 Qe6 33. Qxe6 fxe6 34. Rc6 Kf7 35. Bb6 a4 36. Rd6 Re8 37. Rd8 Kg6 38. g4 hxg4 39. hxg4 Kf7 40. Kf2 1-0


[Site "https://www.chess.com"]

[Event "Titled Tuesday Blitz November 01 Early 2022"]
[White "Martinez, Shawn"]
[Black "Turutin, Alexander"]
[WhiteFideId "2039770"]
[BlackFideId "4180623"]
[WhiteElo "2174"]
[BlackElo "2402"]
[Result "0-1"]
[Round "07"]
[TimeControl "180+1"]
[Date "2022.11.02"]
[WhiteClock "0:00:03"]
[BlackClock "0:00:05"]

1. e4 c6 2. d4 d5 3. exd5 cxd5 4. Nf3 Nc6 5. Ne5 Nxe5 6. dxe5 e6 7. Bd3 Ne7 8. O-O Nc6 9. f4 Bc5+ 10. Kh1 O-O 11. Nd2 Nb4 12. Be2 f6 13. Nf3 fxe5 14. fxe5 h6 15. c3 Nc6 16. Bd3 Bd7 17. Bc2 Qe7 18. Qd3 g5 19. h3 Qg7 20. Bd2 Be8 21. Rae1 Ne7 22. Nh2 a6 23. Ng4 Bg6 24. Nf6+ Kh8 25. Qf3 Bxc2 26. b4 Bb6 27. Be3 Bxe3 28. Rxe3 Ng6 29. Qg3 Bf5 30. Ref3 Rac8 31. Nh5 Qxe5 32. Qf2 Rxc3 33. g4 Rxf3 0-1


[Site "https://www.chess.com"]

[Event "Titled Tuesday Blitz November 01 Early 2022"]
[White "Matveeva, Olga"]
[Black "Dehtiarov, Roman"]
[WhiteFideId "24107018"]
[BlackFideId "14186640"]
[WhiteElo "2055"]
[BlackElo "2200"]
[Result "0-1"]
[Round "07"]
[TimeControl "180+1"]
[Date "2022.11.02"]
[WhiteClock "0:00:02"]
[BlackClock "0:00:10"]

1. d4 Nf6 2. c4 e6 3. g3 b6 4. Bg2 c6 5. e4 d5 6. cxd5 cxd5 7. e5 Nfd7 8. Ne2 Bb7 9. O-O Be7 10. Nbc3 Nc6 11. Be3 O-O 12. h4 a6 13. h5 h6 14. Nf4 b5 15. Qg4 Bg5 16. Nxe6 fxe6 17. Qxe6+ Kh8 18. f4 Be7 19. Nxd5 Rc8 20. Nxe7 Nxe7 21. Bxb7 Rc7 22. Be4 Rc4 23. f5 Nc5 24. dxc5 Rxe4 25. Rad1 Qc7 26. f6 Ng8 27. fxg7+ Qxg7 28. Rxf8 Qxf8 29. Bf4 Qg7 30. Qg6 Qxg6 31. hxg6 Kg7 32. Rd6 h5 33. Rxa6 Rc4 34. c6 Kxg6 35. c7+ Kf5 36. e6 Ne7 37. Ra8 Kg4 38. c8=Q Nxc8 39. Rxc8 Rxc8 40. e7 Re8 41. Bd6 Kf3 42. Kh2 Kg4 43. Kg2 Rc8 44. Kf2 Re8 45. Kg2 Kf5 46. Kf3 Ke6 47. Bb4 Rg8 48. Kf4 Kd7 49. Kf3 Ke8 50. a3 Rg4 51. Bc5 Kf7 52. Bd6 Rd4 53. Bc5 Rc4 54. Bd6 Rc6 55. Bb4 Rc4 56. Bd6 Ke8 57. Ke3 Rg4 58. Kf3 Kd7 59. Bc5 Rc4 60. Bb4 Rg4 61. Bc5 Rg8 62. Bb4 Ke6 63. Bc5 Kd5 64. Bb4 Kc6 65. Kf4 Kd7 66. Kf3 Rg5 67. Kf4 Rg4+ 68. Kf3 Rc4 69. Ke3 Rc2 70. Bc3 Kxe7 71. Kf4 Rg2 72. Kg5 Rxg3+ 73. Kxh5 Ke6 74. Kh4 Rg8 75. Kh3 Kf5 76. Bd4 Kf4 77. Kh2 Kf3 78. Bc5 Rg5 79. Bd4 Rg6 80. Bc5 Rg2+ 81. Kh3 Rxb2 82. Kh4 Rg2 83. Kh5 Kf4 84. Kh6 Kf5 85. Bb4 Ke4 86. Bc5 Kd5 87. Bb4 Kc4 88. Bd6 Rg1 89. Be7 Kb3 90. Bd6 Ka4 91. Bc5 Ra1 92. Kg5 Rxa3 0-1


[Site "https://www.chess.com"]

[Event "Titled Tuesday Blitz November 01 Early 2022"]
[White "Maximov, Dmitry"]
[Black "Tleptsok, Ruslan"]
[WhiteFideId "14105659"]
[BlackFideId "24104485"]
[WhiteElo "2494"]
[BlackElo "2130"]
[Result "0-1"]
[Round "07"]
[TimeControl "180+1"]
[Date "2022.11.02"]
[WhiteClock "0:00:02"]
[BlackClock "0:00:13"]

1. e4 d5 2. exd5 Nf6 3. Nc3 Nxd5 4. Bc4 c6 5. Qf3 e6 6. Nge2 Nd7 7. d4 Be7 8. Ne4 O-O 9. c3 e5 10. Bxd5 cxd5 11. N4g3 e4 12. Qe3 Bd6 13. Nf5 Bb8 14. Neg3 Nf6 15. Qg5 Bxf5 16. Nxf5 g6 17. Nh6+ Kg7 18. h4 Ng8 19. Nf5+ Kh8 20. Ne3 Qxg5 21. hxg5 Rd8 22. Ng4 Kg7 23. Be3 b5 24. Ke2 a5 25. Rh3 b4 26. Rah1 h5 27. gxh6+ Kh7 28. Bg5 Re8 29. Nf6+ Nxf6 30. Bxf6 Bd6 31. Rc1 Bf4 32. Rc2 Rac8 33. g3 Bd6 34. Rh1 Rc4 35. Rhc1 Rec8 36. Bg5 a4 37. Kd1 Bf8 38. Be3 b3 39. axb3 axb3 40. Re2 Bxh6 41. Ra1 R4c6 42. Ra3 Rb6 43. Kd2 g5 44. Re1 f5 45. Rh1 Kg6 46. Ke2 f4 47. Bd2 f3+ 48. Kd1 Bg7 49. Be3 Bf6 50. Kd2 Kf5 51. Ra5 Rd8 52. Rh7 Kg6 53. Rc7 Rbd6 54. Rb7 Rh8 55. Rxb3 Rh1 56. Rbb5 Rb1 57. Kc2 Re1 58. Rxd5 Re2+ 59. Kb3 Rb6+ 0-1


[Site "https://www.chess.com"]

[Event "Titled Tuesday Blitz November 01 Early 2022"]
[White "Melikhov, Evgeny V."]
[Black "Yurovskykh, Oleksandr"]
[WhiteFideId "4122046"]
[BlackFideId "14134020"]
[WhiteElo "2169"]
[BlackElo "2303"]
[Result "1/2-1/2"]
[Round "07"]
[TimeControl "180+1"]
[Date "2022.11.02"]
[WhiteClock "0:00:05"]
[BlackClock "0:00:06"]

1. d4 d5 2. c4 dxc4 3. Nf3 Nf6 4. e3 e6 5. Bxc4 c5 6. O-O Nc6 7. Qe2 cxd4 8. Rd1 Be7 9. exd4 O-O 10. Nc3 Na5 11. Bd3 b6 12. Bg5 Bb7 13. Re1 Nd5 14. Bxe7 Qxe7 15. Qe4 Nf6 16. Qf4 Rfd8 17. Rad1 Nd5 18. Qg3 Nxc3 19. bxc3 Qf6 20. Ne5 Rac8 21. Re3 g6 22. Ng4 Qg7 23. Qf4 f5 24. Nh6+ Kh8 25. Rxe6 Rxc3 26. Qe5 Qxe5 27. Nf7+ Kg8 28. Nxe5 Rxd4 29. Re7 Ba6 30. h4 Bxd3 31. Rxa7 Nc6 32. Nxc6 Rxc6 33. Re1 Re4 34. Rd1 Rd6 35. Rc1 Be2 36. Rcc7 Rd1+ 37. Kh2 Rxh4+ 38. Kg3 Rg4+ 39. Kh3 Rd8 40. Rg7+ Kh8 41. Rxh7+ Kg8 42. Rhg7+ Kf8 43. Raf7+ Ke8 44. Re7+ Kf8 45. Ref7+ Ke8 46. Re7+ Kf8 47. Ref7+ 1/2-1/2


[Site "https://www.chess.com"]

[Event "Titled Tuesday Blitz November 01 Early 2022"]
[White "Melikyan, Gnel"]
[Black "Winterberg, Lukas"]
[WhiteFideId "54109990"]
[BlackFideId "24622702"]
[WhiteElo "2138"]
[BlackElo "2349"]
[Result "1-0"]
[Round "07"]
[TimeControl "180+1"]
[Date "2022.11.02"]
[WhiteClock "0:00:06"]
[BlackClock "0:00:06"]

1. e4 e6 2. d4 d5 3. e5 c5 4. c3 Nc6 5. Nf3 Nge7 6. a3 cxd4 7. cxd4 Bd7 8. b4 Nf5 9. Bb2 b5 10. Bxb5 Nxe5 11. Bxd7+ Nxd7 12. O-O Bd6 13. Nc3 O-O 14. Re1 Nb6 15. Qd3 Nc4 16. Bc1 h6 17. Nxd5 Bxh2+ 18. Kxh2 Qxd5 19. Qe4 Qxe4 20. Rxe4 Rfd8 21. Bf4 Rac8 22. a4 g5 23. Bg3 Kg7 24. Rc1 Nb6 25. Rxc8 Rxc8 26. a5 Nd5 27. b5 Rc2 28. Be5+ Kg6 29. Bb8 Rb2 30. Ne5+ Kg7 31. Bxa7 Rxb5 32. Nc6 Rb2 33. Bb8 Ra2 34. Re1 Nfe7 35. Be5+ Kg6 36. Nxe7+ Nxe7 37. Bc7 Nc6 38. d5 exd5 39. Re8 d4 40. Bb6 d3 41. Re1 Kf5 42. Rd1 Ke4 43. f3+ Kf5 44. Rxd3 Ke6 45. Bc7 Kf5 46. Rd5+ 1-0


[Site "https://www.chess.com"]

[Event "Titled Tuesday Blitz November 01 Early 2022"]
[White "Migot, Tangi"]
[Black "Gu, Xiaobing"]
[WhiteFideId "662445"]
[BlackFideId "8602611"]
[WhiteElo "2585"]
[BlackElo "2174"]
[Result "1-0"]
[Round "07"]
[TimeControl "180+1"]
[Date "2022.11.02"]
[WhiteClock "0:00:21"]
[BlackClock "0:00:17"]

1. f4 d5 2. e3 c5 3. c3 d4 4. Nf3 dxe3 5. dxe3 Qxd1+ 6. Kxd1 Nf6 7. Bb5+ Bd7 8. a4 Nc6 9. Ke2 O-O-O 10. Nbd2 a6 11. Bc4 e6 12. e4 Ne8 13. e5 Nc7 14. Ne4 Kb8 15. Be3 b6 16. g3 Kb7 17. Rhd1 Na5 18. Bd3 Nd5 19. Bc2 Be7 20. Bd2 c4 21. Nd4 Nc6 22. Be1 Nxd4+ 23. Rxd4 b5 24. b3 cxb3 25. Bxb3 Bc6 26. Rad1 Nb6 27. axb5 axb5 28. Rxd8 Rxd8 29. Rxd8 Bxd8 30. Nd6+ Kb8 31. Nxf7 Be7 32. Bxe6 Kc7 33. Bf5 Nd5 34. Bxh7 Be8 35. Ng5 Bh5+ 36. Kd3 Bc5 37. Ne4 Bb6 38. Bg8 Bg6 39. Bxd5 Kd7 40. Bd2 Bg1 41. Be3 Bxh2 42. Bf2 Bf5 43. Kd4 b4 44. cxb4 Bxe4 45. Kxe4 Ke7 46. Kf3 1-0


[Site "https://www.chess.com"]

[Event "Titled Tuesday Blitz November 01 Early 2022"]
[White "Mitrovic, Darko R"]
[Black "Do Nascimento,Christian Almeida"]
[WhiteFideId "927023"]
[BlackFideId "2143801"]
[WhiteElo "2150"]
[BlackElo "2079"]
[Result "1/2-1/2"]
[Round "07"]
[TimeControl "180+1"]
[Date "2022.11.02"]
[WhiteClock "0:00:03"]
[BlackClock "0:00:41"]

1. d4 Nf6 2. c4 e6 3. Nf3 d5 4. g3 Be7 5. Bg2 O-O 6. O-O a6 7. Nbd2 dxc4 8. Nxc4 c5 9. b3 Nc6 10. Bb2 b5 11. Nfe5 Nxe5 12. Nxe5 Nd5 13. Nc6 Qc7 14. Nxe7+ Qxe7 15. dxc5 Qxc5 16. Rc1 Qe7 17. Qd4 f6 18. e4 Nb4 19. e5 Nd5 20. Bxd5 exd5 21. exf6 gxf6 22. Qxd5+ Be6 23. Qc5 Qxc5 24. Rxc5 Rac8 25. Bd4 Rxc5 26. Bxc5 Rd8 27. Be7 Rd2 28. a4 Kf7 29. Bb4 Rd4 30. Bc5 Rd5 31. Be3 bxa4 32. bxa4 Ra5 33. Ra1 Bd7 34. Bb6 Rxa4 35. Rxa4 Bxa4 36. f4 f5 37. Kf2 Ke6 38. Ke3 Kd5 39. h3 Bd1 40. Kd3 Kc6 41. Bd8 Kb5 42. Kd4 Kb4 43. Ke5 Bc2 44. g4 a5 45. gxf5 a4 46. Be7+ Kb5 47. f6 Bb3 48. Kd6 Bf7 49. Kd7 Kc4 50. Bd6 Kd5 51. Ke7 Bh5 52. Ba3 Ke4 53. f7 Bxf7 54. Kxf7 Kxf4 55. h4 Kg4 56. Kg7 h5 57. Be7 a3 58. Bxa3 Kxh4 59. Kh6 Kg4 60. Be7 h4 61. Bd6 h3 62. Bh2 Kf3 63. Bb8 Kg2 64. Kg6 Kf3 65. Bc7 Kg4 66. Bb8 Kh4 67. Bc7 Kg4 68. Bb8 h2 69. Bxh2 1/2-1/2


[Site "https://www.chess.com"]

[Event "Titled Tuesday Blitz November 01 Early 2022"]
[White "Molina, Roberto Junio Brito"]
[Black "Orlov, Georgi"]
[WhiteFideId "2109450"]
[BlackFideId "2011271"]
[WhiteElo "2388"]
[BlackElo "2574"]
[Result "1-0"]
[Round "07"]
[TimeControl "180+1"]
[Date "2022.11.02"]
[WhiteClock "0:00:12"]
[BlackClock "0:00:01"]

1. d4 Nf6 2. Nf3 e6 3. e3 b6 4. Bd3 Bb7 5. O-O c5 6. Qe2 Be7 7. b3 O-O 8. Bb2 d5 9. Nbd2 Ne4 10. c4 Nd7 11. Rfd1 cxd4 12. exd4 Nxd2 13. Rxd2 Nf6 14. Rc2 dxc4 15. bxc4 Rc8 16. Ne5 Bd6 17. Rd1 Qe7 18. f4 Rfd8 19. h3 Ba3 20. Ba1 Bb4 21. Kh2 g6 22. Rf1 Bd6 23. g4 Nd7 24. Qe3 Bb8 25. Be4 Bxe4 26. Qxe4 Nf6 27. Qe3 Qb7 28. Re2 Qe7 29. f5 exf5 30. gxf5 Nh5 31. fxg6 fxg6 32. Qb3 Qe6 33. d5 Qe8 34. Kg2 Qe7 35. Re4 Bxe5 36. Rxe5 Qh4 37. Qe3 Rf8 38. Rxf8+ Rxf8 39. Re4 Qd8 40. Re7 1-0


[Site "https://www.chess.com"]

[Event "Titled Tuesday Blitz November 01 Early 2022"]
[White "Muminova, Nafisa"]
[Black "Sailer, Mike"]
[WhiteFideId "14201526"]
[BlackFideId "2012901"]
[WhiteElo "2258"]
[BlackElo "2109"]
[Result "1-0"]
[Round "07"]
[TimeControl "180+1"]
[Date "2022.11.02"]
[WhiteClock "0:01:39"]
[BlackClock "0:01:55"]

1. e4 d5 2. exd5 Qxd5 3. Nc3 Qd6 4. d4 Nf6 5. Bd3 c6 6. Nge2 Bg4 7. f3 Bh5 8. Bf4 Qd8 9. Qd2 e6 10. O-O-O Nbd7 11. Bg5 Be7 12. Nf4 Bg6 13. Nxg6 hxg6 14. h4 Qa5 15. Kb1 Bb4 16. g4 O-O-O 17. Bc4 Nb6 18. Bb3 Nbd5 19. Bxf6 Nxc3+ 20. bxc3 Bxc3 21. Bxd8 Bxd2 22. Bxa5 Bxa5 1-0


[Site "https://www.chess.com"]

[Event "Titled Tuesday Blitz November 01 Early 2022"]
[White "Nakamura, Hikaru"]
[Black "Vachylia, Andrii"]
[WhiteFideId "2016192"]
[BlackFideId "14137224"]
[WhiteElo "2909"]
[BlackElo "2318"]
[Result "1-0"]
[Round "07"]
[TimeControl "180+1"]
[Date "2022.11.01"]
[WhiteClock "0:00:16"]
[BlackClock "0:00:12"]

1. g4 c6 2. d3 d6 3. h3 e5 4. Bg2 h5 5. gxh5 Nf6 6. h6 gxh6 7. e4 Rg8 8. Bf3 Be6 9. c4 Nbd7 10. Nc3 Qb6 11. Nge2 h5 12. Be3 Qa5 13. a3 Qc7 14. b4 a5 15. Kd2 Ke7 16. Ng3 h4 17. Nf5+ Bxf5 18. exf5 Bg7 19. b5 Nc5 20. Rb1 Nfd7 21. Qe2 Bf6 22. Kc2 Rab8 23. Rhd1 Kd8 24. Rb2 Nb6 25. Bxc5 dxc5 26. bxc6 bxc6 27. Ne4 Nd7 28. Rxb8+ Qxb8 29. Rb1 Qc7 30. Qd2 Ke7 31. Bh5 Rb8 32. Rxb8 Qxb8 33. Qxa5 Qh8 34. Bg4 Qh6 35. Qc7 Ke8 36. Qxc6 Qg7 37. Nxc5 1-0


[Site "https://www.chess.com"]

[Event "Titled Tuesday Blitz November 01 Early 2022"]
[White "Odegov, Artem"]
[Black "Shubenkova, Veronika"]
[WhiteFideId "34183644"]
[BlackFideId "44124040"]
[WhiteElo "2298"]
[BlackElo "2027"]
[Result "1-0"]
[Round "07"]
[TimeControl "180+1"]
[Date "2022.11.02"]
[WhiteClock "0:00:54"]
[BlackClock "0:00:17"]

1. d4 d5 2. c4 e6 3. Nf3 Nf6 4. Nc3 c6 5. Bg5 Be7 6. e3 O-O 7. Qc2 Nbd7 8. Rd1 Re8 9. h4 h6 10. Bxf6 Bxf6 11. g4 Be7 12. g5 f5 13. gxf6 Bxf6 14. Rg1 Nf8 15. h5 Qa5 16. Be2 Bd7 17. Kf1 e5 18. dxe5 Bh3+ 19. Ke1 Bxe5 20. cxd5 cxd5 21. Rxd5 Qb4 22. Nxe5 Rac8 23. Ng6 Ne6 24. Ne5 Rf8 25. Bg4 Bxg4 26. Rxg4 Qb6 27. Qg6 Rfe8 28. Qf7+ Kh8 29. Rg6 Qxb2 30. Rxh6+ gxh6 31. Ng6# 1-0


[Site "https://www.chess.com"]

[Event "Titled Tuesday Blitz November 01 Early 2022"]
[White "Ohanyan, Emin"]
[Black "Kovalenko, Igor"]
[WhiteFideId "13312022"]
[BlackFideId "14117908"]
[WhiteElo "2302"]
[BlackElo "2574"]
[Result "1-0"]
[Round "07"]
[TimeControl "180+1"]
[Date "2022.11.01"]
[WhiteClock "0:01:25"]
[BlackClock "0:02:16"]

1. e4 c5 2. Nf3 e6 3. d4 cxd4 4. Nxd4 a6 5. Bd3 Bc5 6. Nb3 Ba7 7. Qe2 Nc6 8. Be3 Nge7 9. N1d2 O-O 10. Bxa7 Rxa7 11. f4 a5 12. Qf2 a4 13. Nc1 e5 14. O-O b6 15. Ne2 Kh8 16. Nc4 exf4 17. Nxf4 b5 18. Nd6 b4 19. Nd5 f6 20. Nxb4 Qc7 21. Nb5 Qb8 22. Nxc6 Nxc6 23. Nxa7 Nxa7 24. e5 Nc6 25. exf6 Rxf6 26. Qg3 Qxb2 27. Rxf6 Qxf6 28. Rf1 Qe7 29. Qc7 Qe8 30. Qd6 1-0


[Site "https://www.chess.com"]

[Event "Titled Tuesday Blitz November 01 Early 2022"]
[White "Oparin, Grigoriy"]
[Black "Chigaev, Maksim"]
[WhiteFideId "24125890"]
[BlackFideId "4108116"]
[WhiteElo "2639"]
[BlackElo "2537"]
[Result "0-1"]
[Round "07"]
[TimeControl "180+1"]
[Date "2022.11.01"]
[WhiteClock "0:00:07"]
[BlackClock "0:00:07"]

1. d4 Nf6 2. c4 e6 3. Nf3 d5 4. g3 Bb4+ 5. Nbd2 dxc4 6. Bg2 b5 7. O-O a5 8. a3 Be7 9. b3 c3 10. Nb1 Bb7 11. Nxc3 b4 12. axb4 axb4 13. Rxa8 Bxa8 14. Na4 O-O 15. Bf4 Nbd7 16. Qc2 Be4 17. Qc1 Qa8 18. Rd1 Rc8 19. Ne1 Bxg2 20. Nxg2 c5 21. dxc5 Bxc5 22. Nxc5 Nxc5 23. Bd6 Nce4 24. Qf4 Nc3 25. Re1 Qa6 26. Kf1 Nfd5 27. Qe5 Nb5 28. Bxb4 Nxb4 29. Nf4 Nc6 30. Qg5 h6 31. Qg4 Ne5 32. Qh5 Qd6 33. Qh4 Nc3 34. Nh5 Qc6 35. f3 Nxf3 36. Nf6+ gxf6 37. Qg4+ Ng5 0-1


[Site "https://www.chess.com"]

[Event "Titled Tuesday Blitz November 01 Early 2022"]
[White "Orzech, Dominik"]
[Black "Osinovsky, Stepan"]
[WhiteFideId "1115065"]
[BlackFideId "4157354"]
[WhiteElo "2272"]
[BlackElo "2222"]
[Result "0-1"]
[Round "07"]
[TimeControl "180+1"]
[Date "2022.11.02"]
[WhiteClock "0:00:29"]
[BlackClock "0:00:14"]

1. d4 Nf6 2. c4 g6 3. g3 Bg7 4. Bg2 O-O 5. Nc3 d6 6. Nf3 Nbd7 7. O-O e5 8. e4 Re8 9. h3 exd4 10. Nxd4 Nc5 11. Re1 a5 12. Qc2 Nfd7 13. Be3 Ne5 14. Bf1 Bd7 15. f4 Nc6 16. Rad1 Nxd4 17. Bxd4 Bxd4+ 18. Rxd4 Qf6 19. Qf2 Bc6 20. Bg2 Re7 21. b3 Rae8 22. Kh2 Kg7 23. h4 h6 24. Kg1 Kh7 25. g4 Ne6 26. Rd3 Nxf4 27. g5 hxg5 28. hxg5 Qxg5 29. Rg3 Qe5 30. Rf1 g5 31. Bh3 Nxh3+ 32. Rxh3+ Kg6 33. Nd5 Bxd5 34. cxd5 g4 35. Rh4 Qg5 36. Qh2 Rxe4 37. Rh7 Re2 38. Rfxf7 Re1+ 39. Rf1 Rxf1+ 40. Kxf1 Qc1+ 41. Kf2 Qd2+ 42. Kg3 Qd3+ 43. Kxg4 Re4+ 44. Qf4 Rxf4+ 45. Kxf4 Qd4+ 46. Kf3 Kxh7 0-1


[Site "https://www.chess.com"]

[Event "Titled Tuesday Blitz November 01 Early 2022"]
[White "Osmonbekov, Talaibek"]
[Black "Cramling Bellon, Anna"]
[WhiteFideId "2017253"]
[BlackFideId "32009232"]
[WhiteElo "2135"]
[BlackElo "1972"]
[Result "1-0"]
[Round "07"]
[TimeControl "180+1"]
[Date "2022.11.02"]
[WhiteClock "0:01:43"]
[BlackClock "0:00:03"]

1. d4 Nf6 2. Bf4 d5 3. Nc3 a6 4. e3 Bf5 5. f3 Nbd7 6. g4 Bg6 7. h4 h6 8. Bd3 Bxd3 9. Qxd3 e6 10. Nge2 Bd6 11. O-O-O Bxf4 12. Nxf4 c5 13. g5 Ng8 14. g6 Ne7 15. gxf7+ Kxf7 16. Rhg1 c4 17. Qe2 Nf6 18. Rxg7+ Kxg7 19. Nxe6+ Kf7 20. Nxd8+ Raxd8 21. e4 Rhg8 22. exd5 Nexd5 23. Qxc4 b5 24. Qb3 Kg7 25. Rg1+ Kh7 26. Rxg8 Kxg8 27. Ne4 Kg7 28. a4 b4 29. a5 Nxe4 30. fxe4 Nf4 31. Qg3+ Ng6 32. h5 Rxd4 33. Qxg6+ 1-0


[Site "https://www.chess.com"]

[Event "Titled Tuesday Blitz November 01 Early 2022"]
[White "Ovchinnikov, Vsevolod"]
[Black "Xiong, Jeffery"]
[WhiteFideId "24176842"]
[BlackFideId "2047640"]
[WhiteElo "2376"]
[BlackElo "2725"]
[Result "0-1"]
[Round "07"]
[TimeControl "180+1"]
[Date "2022.11.01"]
[WhiteClock "0:00:04"]
[BlackClock "0:00:25"]

1. Nf3 c5 2. c4 Nc6 3. g3 Nf6 4. Bg2 d5 5. cxd5 Nxd5 6. O-O e5 7. d3 Be7 8. Nc3 Be6 9. Bd2 O-O 10. a3 a5 11. Nxd5 Bxd5 12. Bc3 Qd6 13. Nd2 Bxg2 14. Kxg2 f5 15. Qb3+ Rf7 16. Qxb7 Ra7 17. Qb3 a4 18. Qc4 Bf8 19. Rac1 Kh8 20. Nf3 h6 21. Bd2 Nd4 22. Nxd4 exd4 23. e3 Qc6+ 24. Kg1 dxe3 25. Bxe3 Qf3 26. Rc2 Rad7 27. Rd2 Rd5 28. Qf4 Qh5 29. Qxa4 f4 30. Bxf4 Rd4 31. Qc6 Rdxf4 32. gxf4 Rxf4 33. f3 Rf6 34. Qe4 Bd6 35. Rg2 Be5 36. Kh1 Rf4 37. Qa8+ Kh7 38. Rff2 Rd4 39. Qa6 Qf5 40. Rf1 Rxd3 41. f4 Bd4 42. Qc4 Kh8 43. Qc2 Qe4 44. Qe2 Re3 45. Qg4 Re1 46. Rxe1 Qxe1+ 47. Rg1 Bxg1 48. Qxg1 Qe4+ 49. Qg2 Qb1+ 50. Qg1 Qe4+ 51. Qg2 Qxf4 52. h3 c4 53. Qe2 Kh7 54. Qc2+ g6 55. Kg2 h5 56. Qc3 h4 57. b3 Qe4+ 58. Kh2 Qe2+ 59. Kg1 Qd1+ 60. Kf2 Qxb3 61. Qe5 Qg3+ 62. Qxg3 hxg3+ 63. Kxg3 c3 64. a4 c2 0-1


[Site "https://www.chess.com"]